 Dungeon Crawl Stone Soup version 0.27-a0-1071-ga85bd9520d (console) character file.

Game seed: 1982654980225261255

24 nht the Digger (level 2, 19/19 HPs)
             Began as a Demonspawn Earth Elementalist on Apr 24, 2021.
             Was a Follower of Trog.
             Quit the game on level 1 of the Dungeon.
             The game lasted 00:01:06 (542 turns).

nht the Digger (Demonspawn Earth Elementalist)       Turns: 542, Time: 00:01:07

Health: 19/19      AC:  4    Str:  8    XL:     2   Next: 79%
Magic:  4/5        EV: 12    Int: 16    God:    Trog [*.....]
Gold:   0          SH:  0    Dex: 13    Spells: 4/5 levels left

rFire    . . .     SeeInvis .   f - +0 rapier
rCold    . . .     Faith    .   (no shield)
rNeg     . . .     Spirit   .   c - +0 robe
rPois    .         Reflect  .   (no helmet)
rElec    .         Harm     .   (no cloak)
rCorr    .         Rampage  .   (no gloves)
Will     .....                  (no boots)
Stlth    ++........             (no amulet)
HPRegen  0.06/turn              (no ring)
MPRegen  0.09/turn              (no ring)

@: no status effects
A: slimy green scales 1
a: Renounce Religion, Berserk


You were on level 1 of the Dungeon.
You worshipped Trog.
Trog was aware of your devotion.
You visited 1 branch of the dungeon, and saw 1 of its levels.

Inventory:

Hand Weapons
 d - a +0 dagger
 f - a +0 rapier (weapon)
Missiles
 b - 6 stones
Armour
 c - a +0 robe (worn)
Potions
 a - a potion of curing {unknown}
 e - a potion of resistance {unknown}


   Skills:
 - Level 1.7 Dodging
 - Level 1.7 Stealth
 - Level 2.0 Spellcasting
 - Level 0.8 Transmutations
 - Level 3.7 Earth Magic


You had 4 spell levels left.
You knew the following spells:

 Your Spells              Type           Power      Damage    Failure   Level
a - Sandblast             Erth           26%        2d8       4%          1

Your spell library contained the following spells:

 Spells                   Type           Power      Damage    Failure   Level
 Passwall                 Tmut/Erth      6%         N/A       12%         2
 Stone Arrow              Conj/Erth      14%        3d7       28%         3
 Petrify                  Tmut/Erth      8%         N/A       63%         4
 Lee's Rapid Deconstruct  Erth           6%         3d7*      77%         5


Dungeon Overview and Level Annotations

Branches:
Dungeon (1/15)

Altars:
Trog


Innate Abilities, Weirdness & Mutations

You are partially covered in slimy green scales. (AC +2)


Message History

A ball python comes into view.
The ball python hisses angrily.
A ball python is nearby!
The ball python completely misses you. The ball python misses you.
The blast of sand misses the ball python.
The ball python closely misses you. The ball python grabs you.
The ball python constricts you.
The blast of sand hits the ball python!
You kill the ball python!
Search for what [? for help]? .
A kobold comes into view. It is wielding a +0 short sword.
There are no items here.
The blast of sand hits the kobold!
You kill the kobold!
b - 7 stones (gained 1)
You see here a +0 short sword.
(D) Dungeon
Where to? (Enter - D:1 @ (x,y), ? - help)
You see here a +0 rapier.
f - a +0 rapier
f - a +0 rapier (weapon)
You open the huge gate.
A frilled lizard comes into view.
Found a faded altar of an unknown god.
A frilled lizard is nearby!
There is a huge open gate here.
There is a huge open gate here.
The blast of sand hits the frilled lizard!
You kill the frilled lizard!
A bat comes into view.
There is a huge open gate here.
A bat comes into view.
There is a faded altar of an unknown god here.
You cannot tell which god this altar belongs to.
Convert to them anyway?
Trog accepts your prayer! Trog welcomes you!
You can now go berserk at will.
Unknown command.
Press < or > to pray at altars.
Are you sure you want to abandon this character and quit the game? (Confirm with "yes".)

█.███ █...██......
b......█ █...██.████.
.......█ █...██......
█.....█ █...██.████.
███...█.█████........███
.................█.█....
███.?'''''███....█.█..██
.....'''''..............
.....''@''.████....█..██
.....'''''.█ █.██.█..██
b....'''''...██.██.....█
███.......█████.██....██
.......... ...........
███..███..██ ██.██..)...
.... .... .......).██
███. ███.█ ██.██...... █
█......


You could see 2 bats.

Vanquished Creatures
  A bat (D:1)
  An endoplasm (D:1)
  A giant cockroach (D:1)
  3 hobgoblins (D:1)
  4 jackals (D:1)
  2 ball pythons (D:1)
  2 frilled lizards (D:1)
  3 goblins (D:1)
  3 kobolds (D:1)
  A rat (D:1)
21 creatures vanquished.

Notes
Turn   | Place    | Note
-------+----------+-------------------------------------------
     0 | D:1      | nht the Demonspawn Earth Elementalist began the quest for
                  | the Orb.
     0 | D:1      | Reached XP level 1. HP: 13/13 MP: 3/3
     8 | D:1      | Noticed a centaur
    80 | D:1      | Reached skill level 3 in Earth Magic
   143 | D:1      | Gained mutation: You are partially covered in slimy green
                  | scales. (AC +2) [demonic ancestry]
   143 | D:1      | Reached XP level 2. HP: 19/19 MP: 0/5
   535 | D:1      | Found a faded altar of an unknown god.
   541 | D:1      | Became a worshipper of Trog the Wrathful
   541 | D:1      | Reached * piety under Trog
   542 | D:1      | Quit the game

Illustrated notes

Levels and vault maps discovered:
D:1:      evilmike_arrival_come_back, layout_basic,
          hellmonk_ecumenical_altar_heavens_door, serial_shops,
          nicolae_shop_stone, chequers_avenue

Skill      XL: |  1 |
---------------+----+-----
Earth Magic    | 3 |  3.7
Dodging        | |  1.7
Stealth        | |  1.7
Spellcasting   | |  2.0
Transmutations | |  0.8

Action                   || total
-------------------------++-------
Melee: Unarmed           ||     3
       Dagger            ||    35
 Cast: Sandblast         ||    26
Armor: Robe              ||    15
Dodge: Dodged            ||    39

Table legend: (Time is in decaauts)
 A = Elapsed time spent in this place.
 B = Non-inter-level travel time spent in this place.
 C = Inter-level travel time spent in this place.
 D = Time resting spent in this place.
 E = Time spent auto-exploring this place.
 F = Levels seen in this place.
 G = Mean time per level.
                   A        B        C        D        E       F      G
               +--------+--------+--------+--------+--------+-----+--------+
         Total |    541 |    532 |      9 |      0 |    406 |   1 |  541.0 |
       Dungeon |    541 |    532 |      9 |      0 |    406 |   1 |  541.0 |
               +--------+--------+--------+--------+--------+-----+--------+

Top non-repeatable levels by time:
     D:1: 541 daAuts
